 Dungeon Crawl Stone Soup version 0.31-a0-115-g4708a659fe (webtiles) character file.

Game seed: 17684028559362219475

364 avis the Shield-Bearer (level 6, -5/42 HPs)
             Began as an Octopode Transmuter on May 29, 2023.
             Slain by an ogre
             ... wielding a +0 giant club
              (14 damage)
             ... on level 4 of the Dungeon.
             The game lasted 00:21:29 (3250 turns).

avis the Shield-Bearer (Octopode Transmuter)        Turns: 3250, Time: 00:21:30

Health: -5/42      AC:  2    Str: 10    XL:     6   Next: 67%
Magic:  6/9        EV: 21    Int: 15    God:
Gold:   215        SH:  0    Dex: 25    Spells: 3/9 levels left

rFire   . .          .
                       - Unarmed
rCold   . . .        (shield currently unavailable)
rNeg    . . .        (helmet currently unavailable)
rPois   x            (no amulet)
rElec   .            j - ring of wizardry
rCorr   +            r - ring of resist corrosion
SInv    .            t - +6 ring of dexterity
Will    .....        (no ring)
Stlth   +++          (no ring)
HPRegen 0.27/turn    (no ring)
MPRegen 0.11/turn    (no ring)
                     (no ring)

%: wizardry (x1)
@: spider-form
A: venomous fangs, almost no armour, (amphibious), 8 rings, tiny, (camouflage
1), (gelatinous body 1), (nimble swimmer 1), (tentacles)
a: End Transformation


You were on level 4 of the Dungeon.
You were a venomous arachnid creature.
You visited 1 branch of the dungeon, and saw 4 of its levels.

You collected 215 gold pieces.

Inventory:

Missiles
 x - 3 poisoned darts
Armour
 k - a +0 buckler
Jewellery
 j - a ring of wizardry (left front pincers)
 r - a ring of resist corrosion (right front pincers)
 t - a +6 ring of dexterity (on tentacle)
Scrolls
 b - 2 scrolls of poison {unknown}
 g - a scroll of enchant weapon {unknown}
 i - a scroll of fog {unknown}
 l - a scroll of noise {unknown}
 n - 2 scrolls of teleportation {unknown}
 o - a scroll of magic mapping {unknown}
 p - 2 scrolls of identify {unknown}
 q - a scroll of immolation {unknown}
Potions
 a - a potion of lignification
 c - 2 potions of heal wounds {unknown}
 d - a potion of resistance {unknown}
 e - a potion of ambrosia {unknown}
 f - 4 potions of curing {unknown}
 h - 2 potions of magic {unknown}
 m - a potion of haste {unknown}
 s - a potion of might {unknown}
 u - a potion of attraction {unknown}
 v - a potion of brilliance {unknown}
 w - a potion of cancellation {unknown}


   Skills:
 - Level 3.0 Fighting
 - Level 3.0 Dodging
 - Level 3.0 Stealth
 * Level 3.6 Shields
 - Level 3.0 Unarmed Combat
 - Level 2.0 Spellcasting
 - Level 3.0 Transmutations
 - Level 2.0 Poison Magic


You had 3 spell levels left.
You knew the following spells:

 Your Spells              Type           Power      Damage    Failure   Level
a - Beastly Appendage     Tmut           20%        N/A       7%          1
e - Wereblood             Tmut           10%        N/A       10%         2
p - Spider Form           Tmut/Pois      9%         N/A       21%         3

Your spell library contained the following spells:

 Spells                   Type           Power      Damage    Failure   Level
 Cigotuvi's Dreadful Rot  Necr/Pois/Air  6%         N/A       21%         2
 Inner Flame              Hex/Fire       1%         N/A       41%         3
 Ice Form                 Ice/Tmut       6%         N/A       58%         4
 Dispel Undead            Necr           1%         3d6       77%         4
 Yara's Violent Unravell  Hex/Tmut       3%         3d4       86%         5
 Death Channel            Necr           0%         N/A       100%        6
 Enfeeble                 Hex            0%         N/A       100%        7


Dungeon Overview and Level Annotations

Branches:
Dungeon (4/15)
 Temple: D:4-7

Altars:

Shops:
D:3 [


Innate Abilities, Weirdness & Mutations

You are a venomous arachnid creature.
You have venomous fangs.
You are tiny and dextrous.
Your spellcasting is less reliable in this form.
Your armour is entirely melded.
You are incapable of wielding weapons or throwing items.
You cannot wear most types of armour.
((You are amphibious.))
You can wear up to eight rings at the same time.
((Your skin changes colour to match your surroundings (Stealth+).))
((Your rubbery body absorbs attacks. (AC +1, EV +1)))
((You are camouflaged when in or above water. (Stealth+)))
((You have tentacles for arms and can constrict up to eight enemies at once.))


Message History

Casting: Spider Form (dangerous; 10% risk of failure)
Confirm with . or Enter, or press ? or * to list all spells.
You turn into a venomous arachnid creature.
Your transformation is almost over.
The helpless orc fails to defend itself.
You hit the orc.
The orc is poisoned.
The orc is severely wounded.
You kill the orc!
Found 14 gold pieces.
Things that are here:
a +0 whip; a +0 leather armour; an orc corpse Your transformation has ended.
You now have 215 gold pieces (gained 14).
Things that are here:
a +0 whip; a +0 leather armour; an orc corpse Magic restored.
As you open the door, it creaks loudly!
You hear a shout!
There is an open door here.
You open the door.
There is an open door here.
As you open the door, it creaks loudly!
You hear a shout!
There is an open door here.
An ogre comes into view. It is wielding a +0 giant club.
Casting: Spider Form (dangerous; 10% risk of failure)
Confirm with . or Enter, or press ? or * to list all spells.
You turn into a venomous arachnid creature.
You hit the ogre.
The ogre is poisoned.
The ogre is lightly wounded.
The ogre completely misses you.
You hit the ogre.
The ogre looks as sick as possible!
The ogre is moderately wounded.
The ogre hits you with a +0 giant club!
You hit the ogre but do no damage.
The ogre looks as sick as possible!
The ogre is moderately wounded.
You hit the ogre.
The ogre looks as sick as possible!
The ogre is heavily wounded.
The ogre hits you with a +0 giant club!
* * * LOW HITPOINT WARNING * * *
The ogre attacks as you move away! The ogre hits you with a +0 giant club!
You die...

#...........#...........#...
#...........#######'#####...
#...........'...# #.# ##+.
#.......#...###.# #.######+#
#.......#...# #.# #.#.......
######.)#'#####.# #.# #...
#........##.# #.# #...
#........##.# #.# #...
##.....Os.'..# #...
.'........#### #...
##........+ #... +........#
#.###... #........# #.......
#........# ########
#........# #........#
#........#


You could see an ogre (extremely poisoned).

Vanquished Creatures
  Duvessa (D:4)
  A phantom (D:4)
  Dowan (D:4)
  An iguana (D:4)
  3 adders
  3 worms
  A dart slug (D:2)
  2 orcs
  6 endoplasms
  12 goblins
  11 hobgoblins
  12 jackals
  3 quokkas
  7 ball pythons
  3 bats
  2 frilled lizards (D:2)
  3 kobolds
  6 rats
78 creatures vanquished.

Notes
Turn   | Place    | Note
-------+----------+-------------------------------------------
     0 | D:1      | avis the Octopode Transmuter began the quest for the Orb.
     0 | D:1      | Reached XP level 1. HP: 13/13 MP: 3/3
    92 | D:1      | Reached XP level 2. HP: 16/19 MP: 3/5
    95 | D:1      | Reached skill level 1 in Stealth
   129 | D:1      | Learned a level 2 spell: Wereblood
   338 | D:1      | Reached XP level 3. HP: 19/24 MP: 4/6
   641 | D:2      | Learned a level 3 spell: Spider Form
  1418 | D:2      | Reached XP level 4. HP: 29/29 MP: 3/7
  1428 | D:2      | Reached skill level 1 in Poison Magic
  1833 | D:3      | Found Ofoor's Antique Armour Boutique.
  2636 | D:4      | Noticed Duvessa
  2636 | D:4      | Noticed Dowan
  2642 | D:4      | Killed Duvessa
  2643 | D:4      | Reached XP level 5. HP: 33/35 MP: 4/8
  2649 | D:4      | Killed Dowan
  2650 | D:4      | Reached XP level 6. HP: 29/41 MP: 5/9
  3250 | D:4      | Slain by an ogre

Illustrated notes

Levels and vault maps discovered:
D:1:      amcnicky_arrival_wind_blow, layout_rooms
D:2:      cheibrodos_greedy_goblins, layout_basic
D:3:      layout_loops_cross, serial_shops, shop
D:4:      layout_basic, uniq_duvessa

Skill      XL: |  1  2  3  4  5  6 |
---------------+-------------------+-----
Fighting       | 2 3 |  3.0
Stealth        | 2 3 |  3.0
Transmutations | 3 |  3.0
Poison Magic   | 2 |  2.0
Shields        | 2 3 |  3.6
Dodging        | 3 |  3.0
Unarmed Combat | |  3.0
Spellcasting   | |  2.0

Action                     |  1- 3 |  4- 6 || total
---------------------------+-------+-------++-------
  Melee: Unarmed           |    78 |   110 ||   188
         Constrict         |    21 |     4 ||    25
         Tentacles         |    15 |     2 ||    17
         Kick              |    24 |     5 ||    29
         Punch             |       |     1 ||     1
   Cast: Beastly Appendage |    23 |     7 ||    30
         Spider Form       |     2 |    15 ||    17
   Stab: Sleeping          |     6 |     7 ||    13
 Armour: Skin              |     3 |     5 ||     8
  Dodge: Dodged            |    43 |    53 ||    96

Table legend: (Time is in decaauts)
 A = Elapsed time spent in this place.
 B = Non-inter-level travel time spent in this place.
 C = Inter-level travel time spent in this place.
 D = Time resting spent in this place.
 E = Time spent auto-exploring this place.
 F = Levels seen in this place.
 G = Mean time per level.
                   A        B        C        D        E       F      G
               +--------+--------+--------+--------+--------+-----+--------+
         Total |   3241 |   3036 |    205 |    506 |   1534 |   4 |  810.2 |
       Dungeon |   3241 |   3036 |    205 |    506 |   1534 |   4 |  810.2 |
               +--------+--------+--------+--------+--------+-----+--------+

Top non-repeatable levels by time:
     D:2: 1113 daAuts
     D:3: 762 daAuts
     D:1: 687 daAuts
     D:4: 677 daAuts
